 Dungeon Sprint DCSS version 0.19.5 (webtiles) character file.

1228 Mesmaeker13 the Grappler (level 8, -3/92 HPs)
             Began as a Troll Berserker on Apr 4, 2017.
             Was an Elder of Trog.
             Asphyxiated
             ... in the Dungeon (Sprint I: "Red Sonja").
             The game lasted 00:02:12 (516 turns).

Mesmaeker13 the Grappler (Troll Berserker)           Turns: 516, Time: 00:02:13

Health: -3/92      AC:  5    Str: 35    XL:     8   Next: 23%
Magic:  7/7        EV: 14    Int:  5    God:    Trog [****..]
Gold:   116        SH:  0    Dex:  9    Spells: 0 memorised, 7 levels left

rFire  . . .     SeeInvis .       - Unarmed
rCold  . . .     Gourm    +     a - +0 animal skin
rNeg   . . .     Faith    .     (no shield)
rPois  .         Spirit   .     (helmet restricted)
rElec  .         Reflect  .     (no cloak)
rCorr  .         Harm     .     (gloves unavailable)
MR     ++...     NoTele   +     (boots unavailable)
Stlth  +.........               (no amulet)
                                k - ring of the Fool {EV+1 Str+7 Int+2}
                                i - -3 ring of slaying (curse)

@: lethally poisoned (-3 -> -45), exhausted, regenerating, slowed, very slow
A: unfitting armour, claws 3, fast metabolism 3, gourmand, regeneration 1,
shaggy fur 1, tough skin 2
a: Berserk, Trog's Hand, Brothers in Arms, Burn Spellbooks, Renounce Religion


You were in the Dungeon.
You worshipped Trog.
Trog was greatly pleased with you.
You were not hungry.

You visited 1 branch You collected 405 gold pieces.
You spent 289 gold pieces at shops.

Inventory:

Armour
 a - a +0 animal skin (worn)
Jewellery
 i - a cursed -3 ring of slaying (left claw)
 k - the ring of the Fool (right claw) {EV+1 Str+7 Int+2}
   (You bought it in a shop in the Dungeon)

   [ring of evasion]

   It affects your evasion (+1).
   It affects your strength (+7).
   It affects your intelligence (+2).
Scrolls
 h - a scroll of blinking
Potions
 d - a potion of heal wounds
 e - a potion of haste
 f - 2 potions of magic
 g - a potion of berserk rage
Comestibles
 b - 2 bread rations


   Skills:
 + Level 9.3 Fighting
 + Level 9.3 Dodging
 + Level 10.9 Unarmed Combat


You had 7 spell levels left.
You didn't know any spells.

Dungeon Overview and Level Annotations

Branches:
Dungeon (1/1)

Altars:
Cheibriados
Dithmenos
Elyvilon
Fedhas
Gozag
Hepliaklqana
Kikubaaqudgha
Makhleb
Nemelex Xobeh
Okawaru
Qazlal
Ru
Sif Muna
Trog
Uskayaw
Vehumet
Xom
Yredelemnul
Zin
The Shining One
Jiyva
Lugonu

Shops:
D =

Annotations:
D Sonja


Innate Abilities, Weirdness & Mutations

You are too large for most types of armour.
You have claws for hands.
Your metabolism is lightning-fast.
You like to eat raw meat.
Your natural rate of healing is unusually fast.
You are covered in fur. (AC +1)
You have very tough skin. (AC +2)


Message History

Sonja barely misses you.
Sonja hits you with an uncursed short sword of venom.
* * * LOW HITPOINT WARNING * * *
You are more poisoned.
You miss Sonja.
Sonja is heavily wounded.
* * * LOW HITPOINT WARNING * * *
You feel extremely sick.
Sonja says, "I'm academy-trained, you know."
Sonja barely misses you. Sonja misses you. Sonja closely misses you.
Sonja casts a spell.
Sonja blinks!
* * * LOW HITPOINT WARNING * * *
You feel extremely sick.
Sonja unwields an uncursed short sword of venom.
It stops dripping with poison.
Sonja wields an uncursed blowgun.
Sonja shoots a curare-tipped needle.
The curare-tipped needle hits you.
You are more poisoned.
You have difficulty breathing.
You die...

#..####..#...#.####
#####
#..#__####..##)#
#..#_____##'#..+
#⌠⌠#_.∩...'.(K_#
####_..__##_(#'#
#_____###'#[#
#########.### +$.$+
#$@$# ##.## #+#


You could see Sonja.

Vanquished Creatures
  2 kobold demonologists (D)
  A slime creature (D)
  Sigmund (D)
  A yak (D)
  A floating eye (D)
  An ogre (D)
  A jelly (D)
  Ijyb (D)
9 creatures vanquished.

Notes
Turn   | Place    | Note
-------+----------+-------------------------------------------
     0 | D        | Mesmaeker13 the Troll Berserker began the quest for the Orb.
     0 | D        | Reached XP level 1. HP: 22/22 MP: 0/0
     1 | D        | Noticed Ijyb
    12 | D        | Killed Ijyb
    12 | D        | Reached skill level 4 in Unarmed Combat
    12 | D        | Reached XP level 2. HP: 28/32 MP: 1/1
    15 | D        | Noticed an ogre
    21 | D        | Killed an ogre
    21 | D        | Reached skill level 5 in Fighting
    21 | D        | Reached skill level 5 in Dodging
    21 | D        | Reached skill level 6 in Unarmed Combat
    21 | D        | Reached XP level 3. HP: 7/42 MP: 2/2
    21 | D        | Reached XP level 4. HP: 8/50 MP: 3/3
   243 | D        | Noticed Sigmund
   256 | D        | Killed Sigmund
   256 | D        | Reached ** piety under Trog
   256 | D        | Reached skill level 7 in Unarmed Combat
   256 | D        | Reached XP level 5. HP: 61/61 MP: 4/4
   295 | D        | Found a deep blue altar of Sif Muna.
   297 | D        | Found a radiant altar of Vehumet.
   300 | D        | Reached skill level 8 in Unarmed Combat
   300 | D        | Reached XP level 6. HP: 46/68 MP: 5/5
   337 | D        | Found Ludwixar's Jewellery Emporium.
   337 | D        | Found an ancient bone altar of Kikubaaqudgha.
   337 | D        | Found a hazy altar of Hepliaklqana.
   337 | D        | Found a stormy altar of Qazlal.
   337 | D        | Found a hide-covered altar of Uskayaw.
   337 | D        | Found a blossoming altar of Fedhas.
   337 | D        | Found a bloodstained altar of Trog.
   337 | D        | Found an iron altar of Okawaru.
   337 | D        | Found a basalt altar of Yredelemnul.
   337 | D        | Found a glowing golden altar of the Shining One.
   337 | D        | Found a snail-covered altar of Cheibriados.
   337 | D        | Found a sacrificial altar of Ru.
   337 | D        | Found a glowing silver altar of Zin.
   337 | D        | Found a shadowy altar of Dithmenos.
   337 | D        | Found a white marble altar of Elyvilon.
   337 | D        | Noticed a yak
   340 | D        | Killed a yak
   341 | D        | Found an opulent altar of Gozag.
   360 | D        | Found a sparkling altar of Nemelex Xobeh.
   364 | D        | Bought the ring of the Fool {EV+1 Str+7 Int+2} for 289 gold pieces
   382 | D        | Found a burning altar of Makhleb.
   382 | D        | Found a viscous altar of Jiyva.
   382 | D        | Found a shimmering altar of Xom.
   382 | D        | Found a corrupted altar of Lugonu.
   382 | D        | Noticed a slime creature
   389 | D        | Killed a slime creature
   389 | D        | Reached *** piety under Trog
   389 | D        | Reached skill level 9 in Unarmed Combat
   389 | D        | Reached XP level 7. HP: 66/80 MP: 6/6
   424 | D        | Noticed a kobold demonologist
   425 | D        | Noticed a kobold demonologist
   427 | D        | Paralysed by a floating eye for 2 turns
   428 | D        | Noticed a rust devil
   432 | D        | Noticed an orange demon
   432 | D        | Killed a kobold demonologist
   432 | D        | Reached skill level 10 in Unarmed Combat
   435 | D        | Noticed a rust devil
   436 | D        | Killed a kobold demonologist
   436 | D        | Reached **** piety under Trog
   436 | D        | Reached XP level 8. HP: 92/92 MP: 7/7
   436 | D        | Paralysed by a floating eye for 3 turns
   501 | D        | Noticed Sonja
   516 | D        | Asphyxiated

Skill      XL: |  1  2  3  4  5  6  7 |
---------------+----------------------+-----
Fighting       | 3 5 6 8 9 |  9.3
Dodging        | 3 5 6 8 9 |  9.3
Unarmed Combat | 4 6 7 8 9 10 | 10.9

Action                   |  1- 3 |  4- 6 |  7- 9 || total
-------------------------+-------+-------+-------++-------
Melee: Unarmed           |    15 |    22 |    15 ||    52
       Punch             |       |     2 |     1 ||     3
Invok: Berserk           |       |     1 |     2 ||     3
       Trog's Hand       |       |       |     1 ||     1
  Use: Potion            |       |       |     1 ||     1
  Eat: Chunk             |       |     4 |     5 ||     9
Armor: Animal skin       |     2 |       |     5 ||     7
Dodge: Dodged            |     4 |     4 |    14 ||    22
